SAA
DURHAM RAPIERS @ CHESAPEAKE CONTINENTALS
05/17/2020
 
TOP OF THE 1ST
Durham Rapiers batting - Pitching for Chesapeake Continentals : RHP Aurelio López
Pitching: RHP Aurelio López
Batting: LHB Evan Nelson 0-0: Fly out, F8 (Flyball, 8RM)
Batting: RHB Caleb Lee 0-0: Swinging Strike
0-1: Foul Ball, location: 2F
0-2: Ball
1-2: Strikes out swinging
Batting: RHB Ignacio Rodríguez 0-0: Ball
1-0: Ball
2-0: Foul Ball, location: 2F
2-1: Swinging Strike
2-2: Foul Ball, location: 2F
2-2: Ground out 4-3 (Groundball, 4M)
Top of the 1st over - 0 run(s), 0 hit(s), 0 error(s), 0 left on base; Durham 0 - Chesapeake 0
BOTTOM OF THE 1ST
Chesapeake Continentals batting - Pitching for Durham Rapiers : RHP Eduardo Bravo
Pitching: RHP Eduardo Bravo
Batting: RHB Gustavo Varela 0-0: Fly out, F3 (Popup, 3SF)
Batting: RHB Bryan Wilson 0-0: Ball
1-0: Called Strike
1-1: Ball
2-1: Ball
3-1: Base on Balls
Batting: LHB Miguel Martínez 0-0: Ball
1-0: TRIPLE (Flyball, 9D)
Bryan Wilson scores
Batting: RHB Travis Brumback 0-0: Called Strike
0-1: Swinging Strike
0-2: Ball
1-2: Fly out, F8 (Popup, 8RS)
Batting: LHB Wayne Akers 0-0: Ball
1-0: Ball
2-0: Called Strike
2-1: SINGLE (Flyball, 6MD)
Miguel Martínez scores
Batting: RHB Mike Peterson 0-0: Called Strike
Wayne Akers is caught stealing 2nd base
Bottom of the 1st over - 2 run(s), 2 hit(s), 0 error(s), 0 left on base; Durham 0 - Chesapeake 2
TOP OF THE 2ND
Durham Rapiers batting - Pitching for Chesapeake Continentals : RHP Aurelio López
Batting: SHB Omar Gutiérrez 0-0: Called Strike
0-1: Swinging Strike
0-2: Ball
1-2: Ball
2-2: Ball
3-2: SINGLE (Groundball, 3S) (infield hit)
Batting: LHB Raúl Andrade 0-0: Ball
1-0: Called Strike
1-1: Swinging Strike
1-2: Foul Ball, location: 2F
1-2: Foul Ball, location: 2F
1-2: Ball
2-2: Ball
3-2: SINGLE (Groundball, 34D)
Omar Gutiérrez to second
Runner from 2nd tries for 3rd, SAFE, throw made to third
Batting: RHB Kevin Sanderson 0-0: Called Strike
0-1: Fly out, F6 (Popup, 56)
Batting: LHB Adrián Franco 0-0: Called Strike
0-1: Ball
1-1: Ball
2-1: Foul Ball, location: 2F
2-2: Strikes out swinging
Batting: LHB Gonzalo Féliz 0-0: Ball
1-0: Foul Ball, location: 2F
1-1: Ball
2-1: Ball
3-1: Called Strike
3-2: Foul Ball, location: 2F
3-2: Foul Ball, location: 2F
3-2: Base on Balls
Raúl Andrade to second
Batting: SHB Juan Blanco 0-0: Called Strike
0-1: Foul Ball, location: 2F
0-2: Strikes out swinging
Top of the 2nd over - 0 run(s), 2 hit(s), 0 error(s), 3 left on base; Durham 0 - Chesapeake 2
BOTTOM OF THE 2ND
Chesapeake Continentals batting - Pitching for Durham Rapiers : RHP Eduardo Bravo
Batting: RHB Mike Peterson 0-0: Swinging Strike
0-1: Ball
1-1: Foul Ball, location: 2F
1-2: Ball
2-2: Ground out 1-3 (Groundball, 2R)
Batting: SHB Dominique Prost 0-0: Ball
1-0: Called Strike
1-1: Ball
2-1: Swinging Strike
2-2: Ball
3-2: Base on Balls
Batting: RHB Anrrique Bolo 0-0: Ball
1-0: Called Strike
1-1: Foul Ball, location: 2F
1-2: Grounds into double play, 6-4-3 (Groundball, 6)
Bottom of the 2nd over - 0 run(s), 0 hit(s), 0 error(s), 0 left on base; Durham 0 - Chesapeake 2
TOP OF THE 3RD
Durham Rapiers batting - Pitching for Chesapeake Continentals : RHP Aurelio López
Batting: LHB Evan Nelson 0-0: Called Strike
0-1: Ball
1-1: Ball
2-1: Ball
3-1: SINGLE (Flyball, 8LM)
Batting: RHB Caleb Lee 0-0: Called Strike
0-1: Ball
1-1: Ball
2-1: SINGLE (Line Drive, 8RS)
Evan Nelson to second
Batting: RHB Ignacio Rodríguez 0-0: Ball
1-0: Ball
2-0: Called Strike
2-1: Swinging Strike
2-2: Ball
3-2: Base on Balls
Evan Nelson to third
Caleb Lee to second
Batting: SHB Omar Gutiérrez 0-0: Ball
1-0: Foul Ball, location: 2F
1-1: Foul Ball, location: 2F
1-2: SINGLE (Groundball, 34D)
Evan Nelson scores
Caleb Lee to third
Ignacio Rodríguez to second
Batting: LHB Raúl Andrade 0-0: Ball
1-0: SINGLE (Line Drive, 9S)
Caleb Lee scores
Ignacio Rodríguez to third
Omar Gutiérrez to second
Batting: RHB Kevin Sanderson 0-0: Ball
1-0: Foul Ball, location: 2F
1-1: Ball
2-1: Called Strike
2-2: Foul Ball, location: 2F
2-2: Ball
3-2: Base on Balls
Ignacio Rodríguez scores
Omar Gutiérrez to third
Raúl Andrade to second
Batting: LHB Adrián Franco 0-0: Grounds into fielders choice 1-2 (Groundball, 15)
Raúl Andrade to third
Kevin Sanderson to second
Batting: LHB Gonzalo Féliz 0-0: Ball
1-0: Ball
2-0: Called Strike
2-1: Grounds into fielders choice 1-2 (Groundball, 23)
Kevin Sanderson to third
Adrián Franco to second
Batting: SHB Juan Blanco 0-0: Ball
1-0: Called Strike
1-1: Fly out, F3 (Popup, 2L)
Top of the 3rd over - 3 run(s), 4 hit(s), 0 error(s), 3 left on base; Durham 3 - Chesapeake 2
BOTTOM OF THE 3RD
Chesapeake Continentals batting - Pitching for Durham Rapiers : RHP Eduardo Bravo
Batting: LHB José Estrada 0-0: Ball
1-0: Ball
2-0: Ball
3-0: Called Strike
3-1: Swinging Strike
3-2: Ground out 1-3 (Groundball, 15)
Batting: RHB Gustavo Varela 0-0: Ball
1-0: Ball
2-0: Ball
3-0: Called Strike
3-1: Foul Ball, location: 2F
3-2: Base on Balls
Batting: RHB Bryan Wilson 0-0: Ball
1-0: Ball
2-0: Foul Ball, location: 2F
2-1: Swinging Strike
2-2: Ball
3-2: Fly out, F9 (Flyball, 9M)
Batting: LHB Miguel Martínez 0-0: Ball
1-0: Called Strike
1-1: Ground out 4-3 (Groundball, 4S)
Bottom of the 3rd over - 0 run(s), 0 hit(s), 0 error(s), 1 left on base; Durham 3 - Chesapeake 2
TOP OF THE 4TH
Durham Rapiers batting - Pitching for Chesapeake Continentals : RHP Aurelio López
Batting: LHB Evan Nelson 0-0: Called Strike
0-1: SINGLE (Groundball, 34D)
Batting: RHB Caleb Lee 0-0: Grounds into double play, 5-4-3 (Groundball, 5)
Batting: RHB Ignacio Rodríguez 0-0: Foul Ball, location: 2F
0-1: Ball
1-1: SINGLE (Groundball, 56D)
Batting: SHB Omar Gutiérrez 0-0: Called Strike
0-1: Ball
1-1: Called Strike
1-2: Foul Ball, location: 2F
1-2: Ball
2-2: Foul Ball, location: 2F
2-2: Ball
3-2: Foul Ball, location: 2F
3-2: SINGLE (Groundball, 34D)
Ignacio Rodríguez to second
Ignacio Rodríguez to third
Batting: LHB Raúl Andrade 0-0: Ball
1-0: Ball
2-0: Foul Ball, location: 2F
2-1: Foul Ball, location: 2F
2-2: Strikes out swinging
Top of the 4th over - 0 run(s), 3 hit(s), 0 error(s), 2 left on base; Durham 3 - Chesapeake 2
BOTTOM OF THE 4TH
Chesapeake Continentals batting - Pitching for Durham Rapiers : RHP Eduardo Bravo
Batting: RHB Travis Brumback 0-0: Ball
1-0: Ball
2-0: Swinging Strike
2-1: Swinging Strike
2-2: Foul Ball, location: 2F
2-2: Strikes out swinging
Batting: LHB Wayne Akers 0-0: Called Strike
0-1: Fly out, F8 (Flyball, 8LM)
Batting: RHB Mike Peterson 0-0: Swinging Strike
0-1: Swinging Strike
0-2: Ball
1-2: Foul Ball, location: 2F
1-2: Strikes out looking
Bottom of the 4th over - 0 run(s), 0 hit(s), 0 error(s), 0 left on base; Durham 3 - Chesapeake 2
TOP OF THE 5TH
Durham Rapiers batting - Pitching for Chesapeake Continentals : RHP Aurelio López
Pitching: RHP Jim Unknown
Batting: RHB Kevin Sanderson 0-0: Ball
1-0: Ball
2-0: Foul Ball, location: 2F
2-1: Called Strike
2-2: Ball
3-2: Strikes out swinging
Batting: LHB Adrián Franco 0-0: Called Strike
0-1: Ball
1-1: Ball
2-1: Foul Ball, location: 2F
2-2: Hit by Pitch
Batting: LHB Gonzalo Féliz 0-0: Called Strike
0-1: Ball
1-1: SINGLE (Flyball, 7LS)
Adrián Franco to second
Batting: SHB Juan Blanco 0-0: Called Strike
0-1: Ball
1-1: Called Strike
1-2: Foul Ball, location: 2F
1-2: SINGLE (Line Drive, 4)
Adrián Franco to third
Gonzalo Féliz to second
Batting: LHB Evan Nelson 0-0: Called Strike
0-1: Fielders Choice at 2nd, 3-6 (Groundball, 3)
Adrián Franco scores
Gonzalo Féliz to third
Batting: RHB Caleb Lee 0-0: Ball
1-0: Foul Ball, location: 2F
1-1: Ball
2-1: Called Strike
2-2: Strikes out swinging
Top of the 5th over - 1 run(s), 2 hit(s), 0 error(s), 2 left on base; Durham 4 - Chesapeake 2
BOTTOM OF THE 5TH
Chesapeake Continentals batting - Pitching for Durham Rapiers : RHP Eduardo Bravo
Batting: SHB Dominique Prost 0-0: Called Strike
0-1: Ball
1-1: Ball
2-1: Ball
3-1: Called Strike
3-2: Fly out, F3 (Popup, 3S)
Batting: RHB Anrrique Bolo 0-0: Hit by Pitch
Batting: LHB José Estrada 0-0: Called Strike
Anrrique Bolo steals 2nd base
0-1: Ground out 6-3 (Groundball, 6)
Anrrique Bolo to third
Batting: RHB Gustavo Varela 0-0: 2-RUN HOME RUN (Flyball, 7D), Distance : 398 ft
Batting: RHB Bryan Wilson 0-0: Foul Ball, location: 2F
0-1: Ball
1-1: Reached on error, E5 (Groundball, 5L)
Batting: LHB Miguel Martínez 0-0: Ball
1-0: Ball
2-0: Ball
3-0: Called Strike
3-1: 2-RUN HOME RUN (Flyball, 8RXD), Distance : 434 ft
Batting: RHB Travis Brumback 0-0: Called Strike
0-1: Foul Ball, location: 2F
0-2: DOUBLE (Groundball, 5L)
Pitching: RHP Sam MacKerras
Batting: LHB Wayne Akers 0-0: Called Strike
0-1: Swinging Strike
0-2: Fly out, F7 (Flyball, 78M)
Bottom of the 5th over - 4 run(s), 3 hit(s), 1 error(s), 1 left on base; Durham 4 - Chesapeake 6
TOP OF THE 6TH
Durham Rapiers batting - Pitching for Chesapeake Continentals : RHP Jim Unknown
Batting: RHB Ignacio Rodríguez 0-0: Ball
1-0: SINGLE (Line Drive, 4MD)
Batting: SHB Omar Gutiérrez 0-0: Called Strike
0-1: Foul Ball, location: 2F
0-2: Ball
1-2: 2-RUN HOME RUN (Flyball, 9LD), Distance : 323 ft
Pitching: LHP Jim Unknown
Batting: LHB Raúl Andrade 0-0: Ball
1-0: Foul Ball, location: 2F
1-1: Swinging Strike
1-2: Strikes out swinging
Batting: RHB Kevin Sanderson 0-0: Called Strike
0-1: Called Strike
0-2: Foul Ball, location: 2F
0-2: Foul Ball, location: 2F
0-2: Fly out, F7 (Line Drive, 7M)
Batting: LHB Adrián Franco 0-0: Called Strike
0-1: SINGLE (Groundball, 34D)
Batting: LHB Gonzalo Féliz 0-0: Ball
1-0: Ball
2-0: Swinging Strike
2-1: Ball
3-1: SINGLE (Line Drive, 8RS)
Adrián Franco to second
Batting: SHB Juan Blanco 0-0: Called Strike
0-1: Ball
1-1: Called Strike
1-2: Ball
2-2: Strikes out swinging
Top of the 6th over - 2 run(s), 4 hit(s), 0 error(s), 2 left on base; Durham 6 - Chesapeake 6
BOTTOM OF THE 6TH
Chesapeake Continentals batting - Pitching for Durham Rapiers : RHP Sam MacKerras
Batting: RHB Mike Peterson 0-0: Swinging Strike
0-1: Ball
1-1: Ball
2-1: Foul Ball, location: 2F
2-2: Foul Ball, location: 2F
2-2: Strikes out looking
Batting: SHB Dominique Prost 0-0: Called Strike
0-1: Called Strike
0-2: Foul Ball, location: 2F
0-2: Foul Ball, location: 2F
0-2: Ball
1-2: Ball
2-2: Ball
3-2: Foul Ball, location: 2F
3-2: Foul Ball, location: 2F
3-2: Fly out, F7 (Flyball, 78M)
Batting: RHB Anrrique Bolo 0-0: Ground out 5-3 (Groundball, 5)
Bottom of the 6th over - 0 run(s), 0 hit(s), 0 error(s), 0 left on base; Durham 6 - Chesapeake 6
TOP OF THE 7TH
Durham Rapiers batting - Pitching for Chesapeake Continentals : LHP Jim Unknown
Pinch Hitting: RHB Allen George 0-0: Ball
1-0: Ball
2-0: Foul Ball, location: 2F
2-1: Ground out 1-3 (Groundball, 15S)
Batting: RHB Caleb Lee 0-0: Ball
1-0: Fly out, F8 (Flyball, 8LM)
Batting: RHB Ignacio Rodríguez 0-0: Ball
1-0: Called Strike
1-1: SOLO HOME RUN (Line Drive, 9D), Distance : 363 ft
Batting: SHB Omar Gutiérrez 0-0: Ball
1-0: Ball
2-0: Ball
3-0: Base on Balls
Batting: LHB Raúl Andrade 0-0: Ball
1-0: Ball
2-0: Called Strike
2-1: DOUBLE (Line Drive, 5)
Omar Gutiérrez to third
Batting: RHB Kevin Sanderson 0-0: Ball
1-0: Fly out, F6 (Line Drive, 56)
Top of the 7th over - 1 run(s), 2 hit(s), 0 error(s), 2 left on base; Durham 7 - Chesapeake 6
BOTTOM OF THE 7TH
Chesapeake Continentals batting - Pitching for Durham Rapiers : RHP Sam MacKerras
Pitching: LHP Doug Ferguson
Now at 3B: Allen George
Batting: LHB José Estrada 0-0: Ground out U3 (Groundball, 3)
Pitching: RHP Morgan MacDonald
Batting: RHB Gustavo Varela 0-0: Called Strike
0-1: Ball
1-1: Ground out 4-3 (Groundball, 4)
Batting: RHB Bryan Wilson 0-0: Ball
1-0: Foul Ball, location: 2F
1-1: Called Strike
1-2: Ground out 6-3 (Groundball, 56)
Bottom of the 7th over - 0 run(s), 0 hit(s), 0 error(s), 0 left on base; Durham 7 - Chesapeake 6
TOP OF THE 8TH
Durham Rapiers batting - Pitching for Chesapeake Continentals : LHP Jim Unknown
Batting: LHB Adrián Franco 0-0: Called Strike
0-1: Called Strike
0-2: SINGLE (Line Drive, 9LS)
Batting: LHB Gonzalo Féliz 0-0: Fielders Choice at 2nd, 6-4 (Groundball, 6)
Pitching: RHP Paul Moore
Pinch Hitting: LHB Mayer Röhricht 0-0: Called Strike
0-1: DOUBLE (Line Drive, 78M)
Gonzalo Féliz to third
Pinch Hitting: RHB Dewitt Mercer 0-0: Called Strike
0-1: Swinging Strike
0-2: Strikes out swinging
Batting: RHB Caleb Lee 0-0: Called Strike
0-1: Foul Ball, location: 2F
0-2: Strikes out looking
Top of the 8th over - 0 run(s), 2 hit(s), 0 error(s), 2 left on base; Durham 7 - Chesapeake 6
BOTTOM OF THE 8TH
Chesapeake Continentals batting - Pitching for Durham Rapiers : RHP Morgan MacDonald
Now at 2B: Tim Love
Now at 3B: Miguel Castillo
Batting: LHB Miguel Martínez 0-0: Ball
1-0: Ball
2-0: Called Strike
2-1: SOLO HOME RUN (Flyball, 9D), Distance : 346 ft
Batting: RHB Travis Brumback 0-0: Ball
1-0: Ball
2-0: Called Strike
2-1: Ball
3-1: Fly out, F9 (Flyball, 89M)
Batting: LHB Wayne Akers 0-0: Fly out, F4 (Popup, 34D)
Batting: RHB Mike Peterson 0-0: Ball
1-0: Ball
2-0: Fly out, F9 (Flyball, 9S)
Bottom of the 8th over - 1 run(s), 1 hit(s), 0 error(s), 0 left on base; Durham 7 - Chesapeake 7
TOP OF THE 9TH
Durham Rapiers batting - Pitching for Chesapeake Continentals : RHP Paul Moore
Pitching: LHP Jim Unknown
Batting: RHB Ignacio Rodríguez 0-0: Ball
1-0: Foul Ball, location: 2F
1-1: Ball
2-1: SINGLE (Groundball, 56D)
Batting: SHB Omar Gutiérrez 0-0: Foul Ball, location: 2F
0-1: Ball
1-1: Swinging Strike
1-2: Strikes out swinging
Batting: LHB Raúl Andrade 0-0: Ball
1-0: Fly out, F8 (Line Drive, 89XD)
Batting: RHB Kevin Sanderson 0-0: Ball
1-0: Swinging Strike
1-1: Called Strike
1-2: Foul Ball, location: 2F
1-2: Strikes out looking
Top of the 9th over - 0 run(s), 1 hit(s), 0 error(s), 1 left on base; Durham 7 - Chesapeake 7
BOTTOM OF THE 9TH
Chesapeake Continentals batting - Pitching for Durham Rapiers : RHP Morgan MacDonald
Pitching: RHP Ricky Jackson
Batting: SHB Dominique Prost 0-0: SINGLE (Line Drive, 89S)
Batting: RHB Anrrique Bolo 0-0: Sac Bunt - play at first, batter OUT! 1-4
Dominique Prost to second
Batting: LHB José Estrada 0-0: Called Strike
0-1: Ball
1-1: Called Strike
1-2: Ground out 1-3 (Groundball, 25)
Pinch Hitting: SHB Tim Roberts 0-0: Ball
1-0: Ball
2-0: Ball
3-0: Called Strike
3-1: Foul Ball, location: 2F
3-2: Base on Balls
Batting: RHB Bryan Wilson 0-0: Ball
1-0: Ball
2-0: Foul Ball, location: 2F
2-1: SINGLE (Groundball, 56D)
Dominique Prost to third
Tim Roberts to second
Runner from 3rd tries for Home, SAFE, throw made at trailing runner, OUT at third!
Bottom of the 9th over - 1 run(s), 2 hit(s), 0 error(s), 1 left on base; Durham 7 - Chesapeake 8
This league is powered by Out of the Park Baseball, the baseball management simulation game for PC, Mac and Linux
Friday, October 23rd, 2015 - OOTP Baseball 16.9 Build 39